 Dungeon Crawl Stone Soup version 0.28-a0-938-gbc3f381ebc (console) character file.

Game seed: 6381451117283598654

12827 jejorda2 the Bludgeoner (level 11, -12/100 HPs)
             Began as a Gargoyle Berserker on Nov 28, 2021.
             Was an Elder of Trog.
             Mangled by an orc warrior (26 damage)
             ... on level 11 of the Dungeon.
             The game lasted 00:22:14 (13330 turns).

jejorda2 the Bludgeoner (Gargoyle Berserker)       Turns: 13330, Time: 00:22:15

Health: -12/100    AC: 22    Str: 25    XL:     11   Next: 99%
Magic:  11/11      EV:  7    Int:  7    God:    Trog [****..]
Gold:   677        SH:  6    Dex:  9    Spells: 10/10 levels left

rFire   x . .      SeeInvis .   a - +0 eveningstar (venom)
rCold   + . .      Faith    .   g - +1 buckler
rNeg    + . .      Spirit   .   y - +0 plate armour
rPois   ∞          Reflect  .   (no helmet)
rElec   +          Harm     .   (no cloak)
rCorr   .          Rampage  .   u - +0 pair of gloves
Will    +++..                   (no boots)
Stlth   ..........              (no amulet)
HPRegen 1.26/turn               l - ring of willpower
MPRegen 0.12/turn               t - ring of ice

@: berserking (expiring), strong-willed, regenerating, very quick
A: sickness immunity, AC +8, negative energy resistance 1, electricity
resistance, torment resistance 1, petrification resistance
a: Renounce Religion, Berserk, Trog's Hand, Brothers in Arms


You were on level 11 of the Dungeon.
You worshipped Trog.
Trog was greatly pleased with you.
You visited 1 branch of the dungeon, and saw 12 of its levels.
You also visited: Ossuary.

You collected 726 gold pieces.
You spent 49 gold pieces at shops.

Inventory:

Hand Weapons
 a - a +0 eveningstar of venom (weapon)
 s - a +0 hunting sling
Missiles
 c - 294 stones (quivered)
 f - 2 atropa-tipped darts
 q - 27 sling bullets
 v - 4 poisoned darts
Armour
 g - a +1 buckler (worn)
 u - a +0 pair of gloves (worn)
 y - a +0 plate armour (worn)
Jewellery
 l - a ring of willpower (left hand)
 t - a ring of ice (right hand)
 z - a ring of positive energy
Wands
 d - a wand of polymorph (16)
 B - a wand of iceblast (7)
Scrolls
 b - 4 scrolls of magic mapping
 n - 2 scrolls of teleportation
 r - 14 scrolls of identify
 w - 2 scrolls of fear
Potions
 e - 2 potions of heal wounds
 h - a potion of berserk rage
 i - a potion of resistance
 j - 7 potions of curing
 k - a potion of attraction
 m - 2 potions of invisibility
 o - 4 potions of flight
 p - 2 potions of magic
 x - a potion of cancellation
 A - a potion of haste


   Skills:
 + Level 7.2 Fighting
 - Level 16.0 Maces & Flails
 + Level 7.2 Armour
 - Level 1.5 Dodging
 + Level 5.7 Shields


You had 10 spell levels left.
You didn't know any spells.
Your spell library was empty.

Dungeon Overview and Level Annotations

Branches:
Dungeon (12/15)            Temple (0/1) D:6            Lair (0/6) D:11
    Orc (0/2) D:11        Ossuary (visited)

Altars:
Dithmenos
Fedhas
Gozag
Qazlal
Wu Jian
The Shining One

Shops:
D:6 ?   D:11 (

Annotations:
D:10 2 transporters


Innate Abilities, Weirdness & Mutations

You are immune to sickness and miasma.
Your stone body is resilient. (AC +8)
You are immune to poison.
You resist negative energy. (rN+)
You are resistant to electric shocks. (rElec)
You are resistant to unholy torment.
You are immune to petrification.


Message History

You barely miss the orc knight.
The orc knight is heavily wounded.
The orc warrior barely misses you.
The orc knight hits you with a +0 battleaxe of freezing!
The orc knight freezes you.
You bludgeon the orc knight!!
The orc knight looks as sick as possible!
The orc knight is almost dead.
You hit the orc knight but do no damage.
The orc knight looks as sick as possible!
The orc knight is almost dead.
The orc warrior hits you with a +0 hand axe.
You puncture the orc warrior!
The orc warrior looks as sick as possible!
The orc warrior is moderately wounded.
The orc warrior barely misses you.
The orc knight hits you with a +0 battleaxe of freezing.
The orc knight freezes you.
You hit the orc knight.
The orc knight looks as sick as possible!
The orc knight is almost dead.
The orc warrior completely misses you.
You puncture the orc warrior!
You kill the orc warrior!
Trog accepts your kill.
The orc knight hits you with a +0 battleaxe of freezing!
* * * LOW HITPOINT WARNING * * *
You block the orc warrior's attack.
The orc knight hits you with a +0 battleaxe of freezing!
* * * LOW HITPOINT WARNING * * *
The orc warrior hits you with a +0 glaive.
* * * LOW HITPOINT WARNING * * *
You sock the orc warrior!
The orc warrior is heavily wounded.
You puncture the orc warrior!
The orc warrior is poisoned.
The orc warrior is almost dead.
You kill the orc knight!
Trog accepts your kill.
The orc warrior hits you with a +0 glaive!!
You die...

....P...####[...# #...
......♣.# #.##.# ##.)
....P.P.# #.##.# #).
.....P..# #.##.# ##
#). .......##
#.##.#######...#####..
....P.##
#>##)))....$..........
....PP#
#.##.#######.........#
....♣## #)).......
.#.###.. .♣P.#
#)@o...... # ### ....#
#...$..... #####
#.$...>.∩. #.........
#....$.... #.........
#.######## #.


You could see an orc warrior (strong, very poisoned).

Vanquished Creatures
  A hydra (D:11)
  A centaur warrior (D:8)
  An orc knight (D:11)
  An ugly thing (D:11)
  A cyclops (D:11)
  Joseph (D:8)
  Maggie (D:8)
  A tengu conjurer (D:9)
  A hornet (D:8)
  A troll (D:10)
  2 shadows (D:10)
  17 yaks
  Sigmund (D:2)
  3 wyverns
  2 basilisks (D:11)
  4 vampire mosquitoes (D:8)
  A steam dragon (D:8)
  2 water moccasins (D:11)
  An ice beast (D:5)
  9 orc warriors
  A black bear (D:7)
  A sky beast (D:6)
  4 centaurs
  2 ogres
  3 phantoms
  4 elf zombies (Ossuary)
  2 kobold brigands
  3 bullfrogs (D:7)
  A gnoll sergeant (D:8)
  2 water moccasin zombies (D:5)
  A scorpion (D:11)
  A wyvern skeleton (D:7)
  A water moccasin skeleton (D:4)
  5 killer bees (D:9)
  4 wights (D:8)
  4 howler monkeys
  5 centaur zombies
  5 orc priests
  3 hounds
  5 human zombies (Ossuary)
  A bullfrog skeleton (D:5)
  A gnoll shaman (D:7)
  7 iguanas
  15 orc wizards
  Natasha (thrice) (D:2)
  3 killer bee zombies (D:6)
  A hound zombie (D:5)
  A human simulacrum (D:10)
  3 mummies (Ossuary)
  A howler monkey zombie (D:5)
  13 gnolls
  6 adders
  A shadow imp (D:8)
  A white imp (D:8)
  2 worms
  3 dart slugs
  47 orcs
  7 endoplasms
  2 giant cockroaches
  3 goblins
  9 hobgoblins
  11 kobolds
  3 quokkas
  6 ball pythons
  6 bats
  3 frilled lizards
  3 rats (D:1)
271 creatures vanquished.

Vanquished Creatures (others)
  A human simulacrum (D:10)
  A bush (D:11)
  A fungus (D:11)
  6 plants (D:11)
9 creatures vanquished.

Grand Total: 280 creatures vanquished

Notes
Turn   | Place    | Note
-------+----------+-------------------------------------------
     0 | D:1      | jejorda2 the Gargoyle Berserker began the quest for the
                  | Orb.
     0 | D:1      | Reached XP level 1. HP: 14/14 MP: 1/1
   273 | D:1      | Reached XP level 2. HP: 19/19 MP: 2/2
   708 | D:1      | Reached XP level 3. HP: 22/23 MP: 3/3
  1321 | D:2      | Noticed Sigmund
  1331 | D:2      | Killed Sigmund
  1332 | D:2      | Reached skill level 4 in Maces & Flails
  1332 | D:2      | Reached XP level 4. HP: 30/30 MP: 4/4
  1332 | D:2      | Reached XP level 5. HP: 34/34 MP: 5/5
  1420 | D:2      | Found a faded altar of an unknown god.
  1518 | D:2      | Reached skill level 5 in Maces & Flails
  1570 | D:2      | Found a stormy altar of Qazlal.
  1642 | D:2      | Noticed Natasha
  1648 | D:2      | Killed Natasha
  1649 | D:2      | Reached XP level 6. HP: 36/39 MP: 6/6
  1722 | D:2      | Reached ** piety under Trog
  1843 | D:2      | Noticed Natasha
  1852 | D:2      | Killed Natasha
  1853 | D:2      | Reached skill level 1 in Shields
  1886 | D:2      | Noticed Natasha
  1904 | D:2      | Killed Natasha
  3020 | D:4      | Reached skill level 6 in Maces & Flails
  3020 | D:4      | Reached XP level 7. HP: 24/44 MP: 7/7
  3931 | D:5      | Entered Level 5 of the Dungeon
  4010 | D:5      | Reached skill level 7 in Maces & Flails
  4146 | D:5      | Reached XP level 8. HP: 38/48 MP: 8/8
  4215 | D:5      | Acquired a +0 eveningstar of draining
  4253 | D:5      | Found an opulent altar of Gozag.
  4615 | D:5      | Reached skill level 8 in Maces & Flails
  5049 | D:5      | Found a blossoming altar of Fedhas.
  5552 | D:6      | Found Ifom's Magic Scroll Shoppe.
  5640 | D:6      | Found a sand-covered staircase.
  5649 | Ossuary  | Entered an ossuary
  5725 | Ossuary  | Reached skill level 5 in Fighting
  5888 | Ossuary  | Reached skill level 9 in Maces & Flails
  5934 | Ossuary  | Reached *** piety under Trog
  5938 | Ossuary  | Reached XP level 9. HP: 39/54 MP: 9/9
  5949 | Ossuary  | Reached skill level 5 in Armour
  6058 | D:6      | Found a staircase to the Ecumenical Temple.
  6836 | D:6      | Bought a scroll of fear for 49 gold pieces
  7246 | D:7      | Reached skill level 10 in Maces & Flails
  7665 | D:7      | Reached skill level 11 in Maces & Flails
  8234 | D:8      | Reached XP level 10. HP: 42/60 MP: 10/10
  8364 | D:8      | Noticed a centaur warrior
  8390 | D:8      | Killed a centaur warrior
  8391 | D:8      | Reached skill level 12 in Maces & Flails
  8780 | D:8      | Reached skill level 13 in Maces & Flails
  9441 | D:8      | Noticed Joseph
  9459 | D:8      | Killed Joseph
  9604 | D:8      | Noticed Maggie
  9613 | D:8      | Killed Maggie
  9702 | D:8      | Found a shadowy altar of Dithmenos.
 10430 | D:9      | Reached skill level 14 in Maces & Flails
 10544 | D:9      | Reached **** piety under Trog
 10690 | D:9      | Reached XP level 11. HP: 64/64 MP: 11/11
 10731 | D:9      | Reached skill level 15 in Maces & Flails
 11484 | D:10     | Entered Level 10 of the Dungeon
 11831 | D:10     | Found a transporter.
 11834 | D:10     | Noticed an orc high priest
 11837 | D:10     | Noticed an orc sorcerer
 11853 | D:10     | Found a transporter.
 11868 | D:10     | Noticed a fire crab
 12312 | D:10     | Found a glowing golden altar of the Shining One.
 12463 | D:10     | Found a stormy altar of Qazlal.
 12574 | D:10     | Found an ornate altar of the Wu Jian Council.
 12961 | D:11     | Reached skill level 16 in Maces & Flails
 12995 | D:11     | Found a staircase to the Lair.
 13001 | D:11     | Noticed a brown ugly thing
 13018 | D:11     | Killed a brown ugly thing
 13088 | D:11     | Reached skill level 5 in Shields
 13174 | D:11     | Noticed an eight-headed hydra
 13174 | D:11     | Noticed a cyclops
 13179 | D:11     | Killed a cyclops
 13186 | D:11     | Killed an eight-headed hydra
 13297 | D:11     | Noticed an orc knight
 13317 | D:11     | Found a staircase to the Orcish Mines.
 13317 | D:11     | Found Reluyke's Weapon Shoppe.
 13330 | D:11     | Killed an orc knight
 13330 | D:11     | Mangled by an orc warrior

Illustrated notes

Levels and vault maps discovered:
D:1:      dpeg_arrival_shelter, layout_basic, feat_on_display
D:2:      layout_rooms, basic_altar, shapermc_ecumenical_altar_acropolis,
          wander_ebering_terrifying_dragon_lair, uniq_sigmund, uniq_natasha
D:3:      layout_rooms
D:4:      layout_basic
D:5:      layout_basic, grunt_gozag_statues, fedhas_altar_fruit_tree,
          serial_bayou_ford_a, kennysheep_minor_cross, minmay_circle_x
D:6:      layout_loops_cross, minmay_temple_entry_waves, enter_ossuary_3,
          serial_shops, nicolae_inconvenience_store, minivault_27
D:7:      layout_basic, serial_park_tiny_1, chequers_serial_rivers_small_a
D:8:      layout_layer_cave, grunt_dithmenos_smoke, kennysheep_generic_room_10,
          uniq_joseph, uniq_maggie
D:9:      layout_basic
D:10:     gammafunk_wand_slinger, layout_basic, mainiacjoe_overflow_alcove_1,
          nicolae_wu_jian_immortal_techniques, tso_altar, bh_circular_ruins
D:11:     minmay_bloctagon_deflated, layout_loops_ring, minmay_lair_entry_grove,
          orc_david_3, serial_shops, shop, shop_fountains
D:12:     layout_loops_ring, ebering_ghost_xom, drop_trap, grunt_ministairs_3

Skill      XL: |  1  2  3  4  5  6  7  8  9 10 11 |
---------------+----------------------------------+-----
Fighting       | 4 5 6 7 |  7.2
Maces & Flails | 4 5 6 7 9 11 14 16 | 16.0
Armour         | 3 4 6 7 |  7.2
Shields        | 2 3 4 5 |  5.7
Dodging        | |  1.5

Action                   |  1- 3 |  4- 6 |  7- 9 | 10-12 || total
-------------------------+-------+-------+-------+-------++-------
Melee: Mace              |    74 |       |       |       ||    74
       Flail             |     8 |   121 |    99 |       ||   228
       Eveningstar       |       |       |   291 |   436 ||   727
Throw: Stone             |     4 |       |     5 |     7 ||    16
Invok: Berserk           |     1 |     1 |     4 |     7 ||    13
       Trog's Hand       |       |       |       |     3 ||     3
  Use: Scroll            |       |    12 |    11 |     2 ||    25
Armor: Animal skin       |    25 |       |       |       ||    25
       Ring mail         |    11 |     4 |       |       ||    15
       Chain mail        |       |    68 |   166 |       ||   234
       Plate armour      |       |       |    69 |   202 ||   271
Dodge: Dodged            |    46 |    46 |   110 |   109 ||   311
Block: Buckler           |       |    10 |    90 |    76 ||   176

Table legend: (Time is in decaauts)
 A = Elapsed time spent in this place.
 B = Non-inter-level travel time spent in this place.
 C = Inter-level travel time spent in this place.
 D = Time resting spent in this place.
 E = Time spent auto-exploring this place.
 F = Levels seen in this place.
 G = Mean time per level.
                   A        B        C        D        E       F      G
               +--------+--------+--------+--------+--------+-----+--------+
         Total |  13410 |  12756 |    654 |   1025 |   9610 |  13 | 1031.5 |
       Dungeon |  13008 |  12354 |    654 |   1025 |   9356 |  12 | 1084.0 |
       Ossuary |    401 |    401 |      0 |      0 |    254 |   1 |  401.0 |
               +--------+--------+--------+--------+--------+-----+--------+

Top non-repeatable levels by time:
     D:8: 2357 daAuts
     D:5: 1471 daAuts
     D:1: 1405 daAuts
     D:6: 1309 daAuts
     D:4: 1240 daAuts
    D:10: 1144 daAuts
     D:9: 1096 daAuts
     D:7: 871 daAuts
     D:2: 828 daAuts
     D:3: 621 daAuts
    D:11: 593 daAuts
 Ossuary: 401 daAuts
    D:12: 68 daAuts
